 Dungeon Crawl Stone Soup version 0.29.1-4-g47bece8355 (webtiles) character file.

Game seed: 441521073342638733

6 PhantomBowie the Trooper (level 1, 0/14 HPs)
             Began as a Gargoyle Berserker on Dec 4, 2022.
             Was a Follower of Trog.
             Slain by a kobold
             ... wielding a +0 club
              (2 damage)
             ... on level 1 of the Dungeon.
             The game lasted 00:01:16 (240 turns).

PhantomBowie the Trooper (Gargoyle Berserker)        Turns: 240, Time: 00:01:17

Health: 0/14       AC:  4    Str: 20    XL:     1   Next: 90%
Magic:  1/1        EV: 12    Int:  7    God:    Trog [*.....]
Gold:   10         SH:  0    Dex:  9    Spells: 0/0 levels left

rFire   . . .      SeeInvis .   a - +0 mace
rCold   . . .      Faith    .   (no shield)
rNeg    + . .      Spirit   .   b - +0 animal skin
rPois   ∞          Reflect  .   (no helmet)
rElec   +          Harm     .   (no cloak)
rCorr   .          Rampage  .   (no gloves)
Will    .....                   (no boots)
Stlth   +.........              (no amulet)
HPRegen 0.04/turn               (no ring)
MPRegen 0.07/turn               (no ring)

@: on berserk cooldown, slowed, very slow
A: sickness immunity, AC +2, negative energy resistance 1, electricity
resistance, torment resistance 1, petrification resistance
a: Renounce Religion, Berserk


You were on level 1 of the Dungeon.
You worshipped Trog.
Trog was aware of your devotion.
You visited 1 branch of the dungeon, and saw 1 of its levels.

You collected 10 gold pieces.

Inventory:

Hand Weapons
 a - a +0 mace (weapon)
Armour
 b - a +0 animal skin (worn)
Scrolls
 c - a scroll of teleportation {unknown}


   Skills:
 + Level 3.4 Fighting
 + Level 3.1 Maces & Flails
 + Level 2.3 Armour
 + Level 1.7 Dodging


You couldn't memorise any spells.
You didn't know any spells.
Your spell library was empty.

Dungeon Overview and Level Annotations

Branches:
Dungeon (1/15)

Altars:


Innate Abilities, Weirdness & Mutations

You are immune to sickness and miasma.
Your stone body is resilient. (AC +2)
You are immune to poison.
You resist negative energy. (rN+)
You are resistant to electric shocks. (rElec)
You are resistant to unholy torment.
You are immune to petrification.


Message History

The goblin attacks as you move away! The goblin hits you but does no damage.
The bat closely misses you. The bat barely misses you.
The bat hits you but does no damage. The bat barely misses you.
The bat closely misses you. The bat attacks as you move away!
The bat closely misses you. The bat hits you but does no damage.
The bat barely misses you. The bat hits you. The bat misses you.
Things that are here:
a +0 whip; 2 stones The bat attacks as you move away!
The bat hits you but does no damage. x2
You see here a frilled lizard corpse.
A red film seems to cover your vision as you go berserk!
You feel yourself moving faster!
You feel mighty! The bat misses you.
You barely miss the goblin. The goblin closely misses you.
You barely miss the goblin. The goblin hits you with a +0 dagger.
* * * LOW HITPOINT WARNING * * *
You barely miss the goblin. The goblin closely misses you.
You closely miss the goblin. You completely miss the goblin.
The goblin completely misses you.
You miss the goblin. The goblin hits you with a +0 dagger.
* * * LOW HITPOINT WARNING * * *
You closely miss the goblin. The goblin closely misses you.
You hit the goblin.
You kill the goblin!
Trog accepts your kill. The bat closely misses you.
You sock the bat!
You kill the bat!
Trog accepts your kill.
You sock the endoplasm!
You kill the endoplasm!
Trog accepts your kill.
You are no longer berserk.
You are exhausted.
You feel yourself slow down. The kobold closely misses you.
Items here: ( )) ††.
You closely miss the kobold. The kobold hits you but does no damage.
The kobold hits you with a +0 club.
You die...

....# ....# #...#
#...# #...## #.>..#
######....#
#####.........# .
#..†@K...†....#####..
#.#######............
#.# #.........## .
##.# #..........#..
##..# #.............
##..## #.............
#..## #.............
#..# #.............
####''###
#.........#...


You could see a kobold.

Vanquished Creatures
  An endoplasm (D:1)
  A kobold (D:1)
  2 bats (D:1)
  A frilled lizard (D:1)
  A goblin (D:1)
  A rat (D:1)
7 creatures vanquished.

Notes
Turn   | Place    | Note
-------+----------+-------------------------------------------
     0 | D:1      | PhantomBowie the Gargoyle Berserker began the quest for the
                  | Orb.
     0 | D:1      | Reached XP level 1. HP: 14/14 MP: 1/1
   240 | D:1      | Slain by a kobold

Illustrated notes

Levels and vault maps discovered:
D:1:      lightli_arrival_windingriver, layout_rooms, hangedman_feature_mirror,
          minmay_misc_feat_diagonals, hangedman_decor_growths

Action                   || total
-------------------------++-------
Melee: Mace              ||    22
Invok: Berserk           ||     1
Armor: Animal skin       ||    17
Dodge: Dodged            ||    38
